 Dungeon Crawl Stone Soup version 0.28-a0-429-g1448048969 (webtiles) character file.

Game seed: 3531941798076539763

17 avis the Ruffian (level 2, 0/25 HPs)
             Began as a Naga Transmuter on Sept 12, 2021.
             Slain by a gnoll (3 damage)
             ... on level 1 of the Dungeon.
             The game lasted 00:03:25 (845 turns).

avis the Ruffian (Naga Transmuter)                   Turns: 845, Time: 00:03:25

Health: 0/25       AC:  1    Str: 12    XL:     2   Next: 62%
Magic:  4/5        EV:  9    Int: 13    God:
Gold:   33         SH:  0    Dex: 11    Spells: 4/5 levels left

rFire   . . .      SeeInvis +     - Unarmed
rCold   . . .      Faith    .   (no shield)
rNeg    . . .      Spirit   .   a - +0 robe
rPois   +          Reflect  .   (helmet currently unavailable)
rElec   .          Harm     .   (no cloak)
rCorr   .          Rampage  .   (no gloves)
Will    .....                   (no barding)
Stlth   +.........              (no amulet)
HPRegen 0.08/turn               (no ring)
MPRegen 0.09/turn               (no ring)

@: short of breath, appendages, very slow
A: horns 2, AC +0, large, see invisible, deformed body, poison resistance,
slowness 2, spit poison 1, naga tail 1
a: Spit Poison, End Transformation


You were on level 1 of the Dungeon.
You had temporarily grown beastly horns.
You visited 1 branch of the dungeon, and saw 1 of its levels.

You collected 33 gold pieces.

Inventory:

Hand Weapons
 d - a +0 dagger
Missiles
 g - 47 stones
Armour
 a - a +0 robe (worn)
Scrolls
 f - a scroll of fog {unknown}
Potions
 b - a potion of flight {unknown}
 c - a potion of curing {unknown}
 e - a potion of mutation {unknown}


   Skills:
 - Level 1.0 Fighting
 - Level 1.5 Dodging
 - Level 3.0 Unarmed Combat
 - Level 2.0 Spellcasting
 - Level 3.0 Transmutations
 * Level 1.0 Poison Magic


You had 4 spell levels left.
You knew the following spells:

 Your Spells              Type           Power      Damage    Failure   Level
a - Beastly Appendage     Tmut           18%        N/A       8%          1

Your spell library contained the following spells:

 Spells                   Type           Power      Damage    Failure   Level
 Wereblood                Tmut           9%         N/A       11%         2
 Passwall                 Tmut/Erth      4%         N/A       21%         2
 Spider Form              Tmut/Pois      3%         N/A       32%         3
 Swiftness                Air            1%         N/A       58%         3
 Ice Form                 Ice/Tmut       5%         N/A       80%         4
 Invisibility             Hex            0%         N/A       100%        6


Dungeon Overview and Level Annotations

Branches:
Dungeon (1/15)

Altars:


Innate Abilities, Weirdness & Mutations

You have temporarily grown beastly horns.
Your serpentine skin is tough. (AC +0)
You have supernaturally acute eyesight. (SInv)
Armour fits poorly on your strangely shaped body.
Your system is resistant to poisons. (rPois)
You cover ground very slowly.
You can spit poison.
You have a snake-like lower body.


Message History

There is a stone staircase leading down here.
As you open the door, it creaks loudly!
A gnoll comes into view. It is wielding a +0 whip.
The gnoll shouts!
You hear a shout!
Press: ? - help, Shift-Dir - straight line, f - gnoll
Aim: a gnoll, wielding a +0 whip The splash of poison misses the gnoll.
Casting: Beastly Appendage (safe; 8% risk of failure)
Confirm with . or Enter, or press ? or * to list all spells.
You grow a pair of large bovine horns.
You barely miss the gnoll. Your headbutt misses the gnoll. You punch the gnoll.
The gnoll is lightly wounded.
You have got your breath back.
A quokka comes into view.
The gnoll hits you with a +0 whip!
You hit the gnoll but do no damage.
The gnoll is lightly wounded.
A hobgoblin comes into view.
The gnoll barely misses you.
Press: ? - help, Shift-Dir - straight line, f/p - gnoll
Aim: a gnoll, wielding a +0 whip (lightly wounded)
The splash of poison hits the gnoll but does no damage.
The gnoll is lightly wounded.
The gnoll hits you with a +0 whip.
You hit the gnoll but do no damage. You headbutt the gnoll.
The gnoll is heavily wounded.
You hit the gnoll but do no damage.
The gnoll is heavily wounded.
The gnoll hits you with a +0 whip.
You closely miss the gnoll.
The gnoll is heavily wounded.
You have got your breath back.
The gnoll hits you with a +0 whip.
* * * LOW HITPOINT WARNING * * *
Press: ? - help, Shift-Dir - straight line, f/p - gnoll
Aim: a gnoll, wielding a +0 whip (heavily wounded)
The splash of poison hits the gnoll.
The gnoll is severely wounded.
The gnoll hits you with a +0 whip.
You die...

# .. ... # .... #
..... # ......######
# ....grg@...# #
......####.# # .....
#.# # .... #.#
###################.#
+..†.........>......#
#######.........#####
# #.........#
#.........#


You could see a gnoll, a quokka and a hobgoblin.

Vanquished Creatures
  A dart slug (D:1)
  3 giant cockroaches (D:1)
  3 goblins (D:1)
  A hobgoblin (D:1)
  2 quokkas (D:1)
  A ball python (D:1)
  2 rats (D:1)
13 creatures vanquished.

Notes
Turn   | Place    | Note
-------+----------+-------------------------------------------
     0 | D:1      | avis the Naga Transmuter began the quest for the Orb.
     0 | D:1      | Reached XP level 1. HP: 18/18 MP: 3/3
   236 | D:1      | Reached XP level 2. HP: 18/25 MP: 3/5
   717 | D:1      | Reached skill level 1 in Poison Magic
   845 | D:1      | Slain by a gnoll

Illustrated notes

Levels and vault maps discovered:
D:1:      lightli_arrival_farm, layout_basic, st_stairs_3, minmay_tall_x

Skill      XL: |  1  2 |
---------------+-------+-----
Transmutations | 3 |  3.0
Poison Magic   | 1 |  1.0
Fighting       | |  1.0
Dodging        | |  1.5
Unarmed Combat | |  3.0
Spellcasting   | |  2.0

Action                   || total
-------------------------++-------
Melee: Unarmed           ||    34
       Headbutt          ||     5
       Punch             ||     1
 Cast: Beastly Appendage ||     7
 Abil: Spit Poison       ||    15
Armor: Robe              ||     1
Dodge: Dodged            ||    10

Table legend: (Time is in decaauts)
 A = Elapsed time spent in this place.
 B = Non-inter-level travel time spent in this place.
 C = Inter-level travel time spent in this place.
 D = Time resting spent in this place.
 E = Time spent auto-exploring this place.
 F = Levels seen in this place.
 G = Mean time per level.
                   A        B        C        D        E       F      G
               +--------+--------+--------+--------+--------+-----+--------+
         Total |    962 |    962 |      0 |    473 |    334 |   1 |  962.0 |
       Dungeon |    962 |    962 |      0 |    473 |    334 |   1 |  962.0 |
               +--------+--------+--------+--------+--------+-----+--------+

Top non-repeatable levels by time:
     D:1: 962 daAuts
